AoeStats
← CL_lorecs

Arabia

505165083Analyzed
4v4 RM · 25d ago on Sep 8, 2026· 28m 17s· 8 players
Game mode
Random Map
Map size
Large (8 player)
Population
200
Speed
Normal
Resources
Standard
Victory
Conquest
Starting age
Dark Age
Ending age
Imperial Age
RankedLock teamsTeams togetherTeam positionsShared explorationLock speedFull tech treeHidden civsTurbo modeCheats
Victory
Defeat
🇻🇳 Maya · Vietnam
2049
+5
🇻🇳 Persians · Vietnam
1955
+8
🇺🇸 Ethiopians · United States
1870
+11
🇻🇳 Khmer · Vietnam
1832
+12
🇲🇽 Hindustanis · Mexico
1850
-13
🇵🇪 Shu · Peru
1796
-10
🇨🇳 Georgians · China
1689
-7
🇳🇿 Maya · New Zealand
1676
-6
XXYY
0:26 Loom
9:19 Feudal Age
10:37 Double-Bit Axe
13:34 Fletching
23:47 Castle Age
22:28 Padded Archer Armor
22:14 Horse Collar
23:19 Gold Mining
23:53 Crossbowman
24:51 Forging
24:49 Bodkin Arrow
27:34 Ballistics
CL_lorecs
6:13 Loom
8:56 Feudal Age
13:52 Fletching
17:08 Padded Archer Armor
22:23 Castle Age
20:54 Padded Archer Armor
22:26 Crossbowman
23:01 Bodkin Arrow
22:52 Double-Bit Axe
24:32 Gold Mining
25:44 Ballistics
Zoschenko
6:14 Loom
8:51 Feudal Age
9:26 Double-Bit Axe
12:38 Horse Collar
15:41 Scale Barding Armor
16:31 Bloodlines
18:22 Forging
24:32 Castle Age
24:51 Gold Mining
24:36 Light Cavalry
25:43 Chain Barding Armor
tim.13
7:06 Loom
9:35 Feudal Age
10:46 Double-Bit Axe
12:37 Horse Collar
16:50 Scale Barding Armor
20:28 Forging
21:31 Bloodlines
26:26 Castle Age
24:37 Gold Mining
24:41 Stone Mining
27:12 Wheelbarrow
27:33 Chain Barding Armor
28:01 Husbandry
ĐLucky
8:14 Feudal Age
7:22 Loom
8:56 Double-Bit Axe
14:38 Horse Collar
16:35 Scale Barding Armor
18:47 Wheelbarrow
19:34 Bloodlines
20:06 Forging
25:37 Castle Age
23:48 Gold Mining
25:24 Light Cavalry
26:25 Chain Barding Armor
28:18 Bow Saw
ÐàLat«Gô°Kµ»
0:27 Loom
9:18 Feudal Age
10:09 Double-Bit Axe
12:42 Fletching
16:53 Padded Archer Armor
22:37 Castle Age
21:22 Horse Collar
21:37 Gold Mining
22:43 Crossbowman
23:19 Bodkin Arrow
24:59 Ballistics
27:07 Thumb Ring
NaiLiu
6:55 Loom
9:21 Feudal Age
11:38 Fletching
14:52 Double-Bit Axe
15:28 Padded Archer Armor
22:38 Castle Age
21:22 Horse Collar
22:06 Gold Mining
22:15 Town Watch
22:41 Crossbowman
23:18 Bodkin Arrow
24:14 Bow Saw
25:08 Ballistics
DL-Empty
5:40 Loom
9:01 Feudal Age
9:33 Double-Bit Axe
9:29 Horse Collar
12:55 Bloodlines
18:03 Scale Barding Armor
18:11 Forging
23:23 Castle Age
21:13 Loom
22:07 Gold Mining
24:08 Husbandry
24:51 Chain Barding Armor
24:43 Bow Saw
26:29 Gold Shaft Mining
Connection lost

Rejoining the realm…

Still unreachable

The connection could not be restored.

Session expired

The server has moved on; the page needs a fresh start.